 Dungeon Crawl Stone Soup version 0.30-a0-1163-gf69bf04e7a (webtiles) character file.

Game seed: 4428235214265354202

260 meatpath the Trooper (level 5, 0/48 HPs)
             Began as a Draconian Berserker on Apr 28, 2023.
             Was a Believer of Trog.
             Slain by a gnoll
             ... wielding a +0 spear
              (6 damage)
             ... on level 4 of the Dungeon.
             The game lasted 00:06:51 (2494 turns).

meatpath the Trooper (Draconian Berserker)          Turns: 2494, Time: 00:06:51

Health: 0/48       AC:  5    Str: 19    XL:     5   Next: 95%
Magic:  5/5        EV: 13    Int:  8    God:    Trog [**....]
Gold:   213        SH:  0    Dex: 12    Spells: 4/4 levels left

rFire   . . .        a - +0 mace
rCold   . . .        (no shield)
rNeg    . . .        (body armour unavailable)
rPois   .            (helmet restricted)
rElec   .            l - scarf {repulsion}
rCorr   .            (no gloves)
SInv    .            (no boots)
Will    .....        (no amulet)
Stlth   +            (no ring)
HPRegen 0.28/turn    (no ring)
MPRegen 0.09/turn

%: repel missiles
@: on berserk cooldown, slowed, very slow
A: AC +5, unfitting armour, cold-blooded
a: Renounce Religion, Berserk, Trog's Hand


You were on level 4 of the Dungeon.
You worshipped Trog.
Trog was pleased with you.
You visited 1 branch of the dungeon, and saw 4 of its levels.

You collected 213 gold pieces.

Inventory:

Hand Weapons
 a - a +0 mace (weapon)
Missiles
 h - 3 curare-tipped darts (quivered)
Armour
 l - a scarf of repulsion (worn)
Jewellery
 m - a ring of flight
Wands
 e - a wand of quicksilver (2)
Scrolls
 b - a scroll of magic mapping
 f - 3 scrolls of teleportation
 g - 2 scrolls of enchant weapon
 j - 2 scrolls of enchant armour
 n - a scroll of fear {unknown}
Potions
 c - a potion of lignification {unknown}
 d - 2 potions of curing {unknown}
 i - 3 potions of attraction
 k - 2 potions of brilliance {unknown}
 o - a potion of mutation {unknown}


   Skills:
 + Level 5.0 Fighting
 + Level 4.5 Maces & Flails
 + Level 4.1 Dodging


You had 4 spell levels left.
You didn't know any spells.
Your spell library was empty.

Dungeon Overview and Level Annotations

Branches:
Dungeon (4/15)
 Temple: D:4-7

Altars:
Hepliaklqana
Makhleb


Innate Abilities, Weirdness & Mutations

Your plain brown scales are hard. (AC +5)
You cannot fit into any form of body armour.
You are cold-blooded and may be slowed by cold attacks.


Message History

The wight is heavily damaged.
The wight hits you with a +0 war axe! The wight closely misses you.
The gnoll barely misses you.
A gnoll opens the door.
You sock the wight! You tail-slap the wight.
You destroy the wight!
Trog accepts your kill. The gnoll closely misses you.
The wight hits you with a +0 halberd!
You feel drained.
Your life force feels restored.
Your Dodging skill increases to level 4!
You sock the wight!
The wight is almost destroyed.
The gnoll hits you from afar with a +0 spear.
The wight closely misses you.
You thump the wight!
You destroy the wight!
Trog accepts your kill.
Your Fighting skill increases to level 5!
The gnoll hits you with a +0 spear.
* * * LOW HITPOINT WARNING * * *
Things that are here:
a +0 war axe; a +0 robe You thump the gnoll!
The gnoll is almost dead.
The gnoll hits you with a +0 spear!
* * * LOW HITPOINT WARNING * * *
You hit the gnoll but do no damage.
The gnoll is almost dead.
The gnoll closely misses you. x2
You closely miss the gnoll.
The gnoll is almost dead.
You are no longer berserk.
You are exhausted.
You feel yourself slow down. The gnoll attacks as you move away!
The gnoll hits you with a +0 club.
* * * LOW HITPOINT WARNING * * *
The gnoll attacks as you move away! The gnoll hits you with a +0 spear.
* * * LOW HITPOINT WARNING * * *
The gnoll hits you from afar with a +0 spear.
You die...

#.#.#.# #...# #. #
#........ #.#.#.# #...#
#............. #.#.#.#
#...######.#.#.####.
#.#.#.###...............
...
.................#.####.
##.##.#.######.###.# #.
..........# #. #.# #.
##.......#####+###[ #.
####.#@##.......
#...g)g.......
#..#)##w...... .....#.#
....... #### #.# .......
#'# ....... ... .......
... g.z.z.. ... ##w...#


You could see a worm and 2 gnolls.

Vanquished Creatures
  2 wights (D:4)
  Jessica (D:3)
  5 adders
  A worm (D:2)
  2 dart slugs
  7 orcs
  10 bats
  7 endoplasms
  5 giant cockroaches
  5 goblins
  8 hobgoblins
  5 kobolds
  2 quokkas
  7 ball pythons
  6 frilled lizards
  4 rats
  A spectral kobold (D:4)
78 creatures vanquished.

Notes
Turn   | Place    | Note
-------+----------+-------------------------------------------
     0 | D:1      | meatpath the Draconian Berserker began the quest for the
                  | Orb.
     0 | D:1      | Reached XP level 1. HP: 19/19 MP: 1/1
   131 | D:1      | Reached XP level 2. HP: 26/26 MP: 2/2
   411 | D:1      | Reached XP level 3. HP: 33/33 MP: 3/3
  1019 | D:2      | Reached ** piety under Trog
  1207 | D:2      | Reached skill level 4 in Fighting
  1292 | D:2      | Reached XP level 4. HP: 31/40 MP: 4/4
  2001 | D:3      | Noticed Jessica
  2012 | D:3      | Killed Jessica
  2013 | D:3      | Reached XP level 5. HP: 47/47 MP: 5/5
  2441 | D:4      | Found a hazy altar of Hepliaklqana.
  2474 | D:4      | Found a burning altar of Makhleb.
  2490 | D:4      | Reached skill level 5 in Fighting
  2494 | D:4      | Slain by a gnoll

Illustrated notes

Levels and vault maps discovered:
D:1:      minmay_arrival_four_loops, layout_basic, roderic_lattice_a
D:2:      layout_rooms
D:3:      layout_rooms, hangedman_abyss_or_decor_lesser_grid,
          chequers_decorated_corner, kennysheep_jessica_study
D:4:      layout_basic, bloody_makhleb, nicolae_hepliaklqana_monster_ancestors,
          mainiacjoe_overflow_alcove_2

Skill      XL: |  1  2  3  4  5 |
---------------+----------------+-----
Dodging        | 3 4 |  4.1
Fighting       | 4 5 |  5.0
Maces & Flails | 4 |  4.5

Action                     |  1- 3 |  4- 6 || total
---------------------------+-------+-------++-------
  Melee: Mace              |   119 |    98 ||   217
         Tailslap          |    12 |    15 ||    27
 Invoke: Berserk           |       |     2 ||     2
    Use: Scroll            |     1 |     5 ||     6
   Stab: Distracted        |       |     1 ||     1
 Armour: Skin              |    40 |    40 ||    80
  Dodge: Dodged            |    76 |    90 ||   166

Table legend: (Time is in decaauts)
 A = Elapsed time spent in this place.
 B = Non-inter-level travel time spent in this place.
 C = Inter-level travel time spent in this place.
 D = Time resting spent in this place.
 E = Time spent auto-exploring this place.
 F = Levels seen in this place.
 G = Mean time per level.
                   A        B        C        D        E       F      G
               +--------+--------+--------+--------+--------+-----+--------+
         Total |   2544 |   2464 |     80 |    410 |   1431 |   4 |  636.0 |
       Dungeon |   2544 |   2464 |     80 |    410 |   1431 |   4 |  636.0 |
               +--------+--------+--------+--------+--------+-----+--------+

Top non-repeatable levels by time:
     D:1: 1036 daAuts
     D:3: 670 daAuts
     D:2: 582 daAuts
     D:4: 254 daAuts
